 Dungeon Crawl Stone Soup version 0.19-a0-905-ge5e6a15 (webtiles) character file.

751693 4thArraOfDagon the Executioner (level 27, -3/278 (280) HPs)
             Began as a Hill Orc Monk on July 5, 2016.
             Was the Champion of the Shining One.
             Slain by a spark wasp (6 damage)
             ... on level 3 of the Depths.
             The game lasted 03:33:05 (26916 turns).

4thArraOfDagon the Executioner (Hill Orc Monk)     Turns: 26916, Time: 03:33:06

HP:   -3/278 (280)  AC: 36    Str: 18    XL:     27
MP:   11/42         EV: 14    Int: 27    God:    the Shining One [******]
Gold: 1643          SH: 14    Dex: 23    Spells: 3 memorised, 37 levels left

rFire  + + +     SeeInvis .     g - +6 executioner's axe (holy)
rCold  + + +     Gourm    .     x - +10 pearl dragon armour
rNeg   + + +     Faith    .     (shield currently unavailable)
rPois  +         Spirit   .     (helmet restricted)
rElec  +         Dismiss  .     i - +0 cloak {+Inv}
rCorr  +         Reflect  .     u - +2 pair of gloves "Saom" {rC+ Regen+}
SustAt .         Harm     +     j - +2 pair of boots {Fly}
MR     ++++.     Clarity  +     y - amulet "Cesolit" {Harm *Drain rC+ Dex+6}
Stlth  +.........               H - +5 ring of slaying
                                A - ring "Kontatet" {rF++ Int+3 Dex+4}

@: brilliant, divine shield, resistant, flying, contaminated, glowing, studying
2 skills, incredibly resistant to hostile enchantments, very unstealthy
A: horns 2, berserk 1, blurry vision 1, clarity, magic resistance 2, poison
resistance, robust 1, evolution 1, subdued magic 3, MP-powered wands
a: Divine Shield, Cleansing Flame, Summon Divine Warrior, Renounce Religion,
Evoke Invisibility, Stop Flying
}: 9/15 runes: decaying, serpentine, slimy, silver, golden, iron, obsidian, icy,
bone


You were on level 3 of the Depths.
You worshipped the Shining One.
The Shining One was exalted by your worship.
You were not hungry.

You visited 16 branches of the dungeon, and saw 82 of its levels.
You also visited: Labyrinth, Ossuary and Ice Cave.

You collected 3885 gold pieces.
You spent 2242 gold pieces at shops.

Inventory:

Hand Weapons
 g - a +6 executioner's axe of holy wrath (weapon)
 L - the +9 battleaxe of Anxiety {chop, MP+9 Str-5 Stlth+}
   (You found it on level 5 of the Vaults)

   It inflicts extra damage upon your enemies.
   It affects your strength (-5).
   It affects your magic capacity (+9).
   It makes you more stealthy.
 Z - the +8 war axe of Exoneration {chop, +Fly MR- Int+3}
   (You took it off a guardian mummy on level 1 of the Tomb of the Ancients)

   It inflicts extra damage upon your enemies.
   It affects your intelligence (+3).
   It affects your resistance to hostile enchantments.
   It lets you fly.
Missiles
 V - 4 throwing nets (quivered)
Armour
 i - a +0 cloak of invisibility (worn)
 j - a +2 pair of boots of flying (worn)
 u - the +2 pair of gloves "Saom" (worn) {rC+ Regen+}
   (You acquired it on level 3 of the Elven Halls)

   It protects you from cold.
   It increases your rate of regeneration.
 x - a +10 pearl dragon armour (worn)
 N - a +0 troll leather armour
Rods
 s - a -1 lightning rod (10/10)
   (You took it off a deep elf annihilator on level 3 of the Elven Halls)
Jewellery
 f - an uncursed ring of protection from cold
 p - the ring "Bualialo" {rPois MR+ Dex+4}
   (You found it on level 3 of the Tomb of the Ancients)

   [ring of protection from magic]

   It affects your dexterity (+4).
   It protects you from poison.
   It affects your resistance to hostile enchantments.
 r - an uncursed ring of positive energy
 y - the amulet "Cesolit" (around neck) {Harm *Drain rC+ Dex+6}
   (You bought it in a shop on level 10 of the Dungeon)

   [amulet of harm]

   It increases damage dealt and taken.
   It affects your dexterity (+6).
   It protects you from cold.
   It causes draining when unequipped.
 A - the ring "Kontatet" (left hand) {rF++ Int+3 Dex+4}
   (You took it off a deep elf high priest on level 3 of the Elven Halls)

   [ring of intelligence]

   It affects your intelligence (+3).
   It affects your dexterity (+4).
   It greatly protects you from fire.
 C - the ring of Dissent {MR- MP+9 Str+8 Dex+4}
   (You found it on level 3 of the Elven Halls)

   [ring of magical power]

   It affects your strength (+8).
   It affects your dexterity (+4).
   It affects your resistance to hostile enchantments.
   It affects your magic capacity (+9).
 F - the ring "Pyduan" {rElec Str+4 Stlth+}
   (You found it on level 10 of the Dungeon)

   [ring of stealth]

   It affects your strength (+4).
   It insulates you from electricity.
   It makes you more stealthy.
 H - a +5 ring of slaying (right hand)
 U - the ring of Propriety {+Blink rF+ rC+ Dex+2}
   (You found it on level 5 of the Pits of Slime)

   [ring of protection from fire]

   It affects your dexterity (+2).
   It protects you from fire.
   It protects you from cold.
   It lets you blink.
Wands
 e - a wand of polymorph (12/24)
 m - a wand of teleportation (2/9)
 B - a wand of teleportation (0/9)
 D - a wand of disintegration (6/24)
 E - a wand of teleportation (0/9)
 K - a wand of iceblast (9/15)
Scrolls
 a - a scroll of magic mapping
 b - a scroll of holy word
 q - 4 scrolls of immolation
 w - a scroll of summoning
 Q - 5 scrolls of remove curse
 T - a scroll of fog
 W - a scroll of recharging
Potions
 n - 7 potions of flight
 o - 5 potions of curing
 v - 3 potions of cure mutation
 G - 2 potions of berserk rage
 J - a potion of agility
 M - a potion of might
 P - a potion of ambrosia
 Y - 4 potions of magic
Books
 l - a manual of Hexes
 S - a manual of Throwing
Miscellaneous
 d - a fan of gales
 k - 3 sacks of spiders
 t - a phial of floods
 z - a box of beasts
 O - a lamp of fire
 X - a figurine of a ziggurat
Comestibles
 c - 8 bread rations
 h - 11 meat rations


   Skills:
 - Level 22.3 Fighting
 - Level 26.0 Axes
 - Level 16.4 Armour
 - Level 12.0 Dodging
 - Level 1.5 Stealth
 + Level 15.1 Spellcasting
 - Level 5.9 Hexes
 - Level 13.2 Charms
 * Level 17.4 Translocations
 - Level 5.1 Air Magic
 - Level 17.2 Invocations


You had 37 spell levels left.
You knew the following spells:

 Your Spells              Type           Power        Failure   Level  Hunger
a - Controlled Blink      Tloc           N/A          2%          8    #######
b - Haste                 Chrm           ######..     1%          6    ####...
c - Silence               Hex/Air        #####.....   1%          5    None


Dungeon Overview and Level Annotations

Branches:
Dungeon (15/15)              Lair (6/6) D:8           Swamp (4/4) Lair:4
  Snake (4/4) Lair:3        Slime (5/5) Lair:5          Orc (2/2) D:11
    Elf (3/3) Orc:2        Vaults (5/5) D:14          Crypt (3/3) Vaults:3
   Tomb (3/3) Crypt:3      Depths (3/5) D:15           Hell (1/1)
    Dis (7/7) Hell            Geh (7/7) Hell            Coc (7/7) Hell
    Tar (7/7) Hell
 Temple: D:4-7

Altars:
Ashenzari
Fedhas
Gozag
Kikubaaqudgha
Makhleb
Qazlal
Ru
Trog
Vehumet
Xom
The Shining One

Shops:
D:10 *   Orc:1 !:*(}   Orc:2 (([*   Elf:1 %   Vaults:1 :

Portals:
Hell: Depths:1

Annotations:
D:8 Pikel
D:11 Grum
D:14 VAUTLS
Swamp:3 Jorgrun
Swamp:4 Lernaean hydra
Orc:2 Blork the orc
Coc:7 Antaeus, Serpent of Hell


Innate Abilities, Weirdness & Mutations

You have a pair of horns on your head.
You tend to lose your temper in combat.
Scrolls take you a little longer to read.
You possess an exceptional clarity of mind.
You are highly resistant to hostile enchantments. (MR++)
Your system is resistant to poisons. (rPois)
You are robust. (+10% HP)
You evolve.
Your spells are much easier to cast, but much less powerful.
You expend magic power (3 MP) to strengthen your wands.


Message History

Unknown command.
Casting: Controlled Blink
Confirm with . or Enter, or press ? or * to list all spells.
Okay, then.
Unknown command.
Casting: Controlled Blink
Confirm with . or Enter, or press ? or * to list all spells.
Blink to where?
Press: ? - help, Dir - move target cursor You are contaminated with residual magic.
The spark wasp bursts into living lightning!
The living lightning hits the spark wasp.
The spark wasp completely resists.
The living lightning misses you.
The spark wasp blinks! x2
Unknown command.
Unknown command.
The spark wasp stings you!
* * * LOW HITPOINT WARNING * * *
The spark wasp shocks you. You resist.
You die...

......... ####
.........
#..####........
#...#..........
#@............
#.y..#........
##...#............
#...y...........
##..............
.....≈≈§........§
......≈§≈≈..T......
......≈§§..§T....N§
........≈≈...)†#.§§


You could see 2 spark wasps.

Vanquished Creatures
  Asmodeus (Geh:7)
  the Royal Jelly (Slime:5)
  Ereshkigal (Tar:7)
  Dispater (Dis:7)
  4 ancient liches
  8 greater mummies
  Frederick (Tomb:3)
  5 shard shrikes (Coc:7)
  Margery (Crypt:1)
  Geryon (Hell)
  Jory (Vaults:3)
  A golden dragon (Depths:3)
  A profane servitor (Crypt:3)
  4 bone dragons
  5 Brimstone Fiends
  6 doom hounds
  7 Tzitzimimeh
  7 Ice Fiends
  6 tentacled monstrosities (Vaults:5)
  2 Hell Sentinels (Dis:7)
  3 deep elf blademasters (Elf:3)
  4 liches
  2 deep elf master archers (Elf:3)
  14 acid blobs
  3 titans (Vaults:5)
  4 quicksilver dragons
  An eldritch tentacle (Geh:4)
  10 sphinxes
  4 ancient champions
  Kirke (D:15)
  9 shadow dragons
  2 revenants
  3 tengu reavers (Vaults:5)
  A storm dragon (Vaults:5)
  17 azure jellies
  5 greater nagas (Snake:4)
  9 fire giants
  Maud (Lair:6)
  4 deep elf sorcerers (Elf:3)
  14 orc warlords
  9 balrugs
  3 frost giants
  A curse skull (Crypt:3)
  6 ghouls
  10 vault wardens
  4 ironheart preservers
  3 war gargoyles
  7 stone giants
  4 deep elf elementalists
  10 very ugly things
  33 reapers
  9 deep elf demonologists
  10 deep elf annihilators
  4 vampire knights
  2 bennus (Tomb:2)
  2 spark wasps (Depths:3)
  A spectral quicksilver dragon (Crypt:3)
  Snorg (D:11)
  4 ettins
  A minotaur (Lab)
  3 blizzard demons
  17 jiangshi
  5 deep elf death magi
  3 eidola
  15 mummy priests
  Josephine (D:15)
  6 great orbs of eyes
  12 death oozes (Slime:5)
  4 quicksilver dragon zombies
  4 yaktaur captains
  A fire dragon (Lair:6)
  11 hydras
  8 deep elf high priests
  The ghost of Moloch the Destroyer, a journeyman DsWz of Vehumet (Orc:1)
  33 vault guards
  3 quicksilver dragon skeletons
  2 anacondas (Snake:4)
  2 ghost crabs
  9 naga warriors
  10 ice dragons
  3 centaur warriors
  2 dancing weapons (Elf:3)
  An alligator (shapeshifter) (Vaults:5)
  4 ogre magi
  7 death knights
  42 death scarabs
  A deep troll shaman (Vaults:2)
  A deep troll earth mage (Depths:3)
  2 hell hogs (shapeshifter)
  A tengu warrior (D:14)
  An iron giant zombie (Crypt:2)
  5 vampire magi
  18 hell hogs
  4 orc high priests
  Urug (Lair:3)
  A shock serpent (shapeshifter) (Vaults:5)
  A spriggan berserker (Depths:3)
  A shock serpent (Snake:1)
  4 deep elf knights
  4 naga sharpshooters
  29 hell knights
  13 sun demons
  10 soul eaters
  2 storm dragon zombies
  6 iron golems
  2 storm dragon skeletons
  A fire crab (Vaults:3)
  12 shadow wraiths
  An entropy weaver zombie (Crypt:1)
  2 iron trolls (Hell)
  2 titan skeletons
  3 salamander mystics
  4 unseen horrors
  A giant orange brain (Vaults:3)
  10 flayed ghosts
  11 anaconda zombies
  2 sea snakes (shapeshifter) (Vaults:5)
  3 spriggan druids (Swamp:4)
  85 skeletal warriors
  A kraken simulacrum (Coc:6)
  9 deep elf archers
  5 swamp dragons (Swamp:4)
  9 deep trolls
  8 orc knights
  6 ironbrand convokers
  11 shadow demons
  6 anaconda skeletons
  2 hill giants
  3 naga ritualists (Snake:4)
  A golden dragon skeleton (Geh:1)
  A harpy (shapeshifter) (D:13)
  2 lindwurms
  21 phantasmal warriors
  10 harpies
  8 necromancers
  23 anubis guards
  5 orc sorcerers
  A mana viper (Snake:4)
  27 ugly things
  A wolf spider zombie (Geh:1)
  3 wolf spiders
  15 deep elf magi
  A fire giant zombie (Dis:5)
  5 salamanders
  5 cyclopes
  2 manticores
  A shadow dragon skeleton (Tar:5)
  4 griffons
  A wizard (D:14)
  A stone giant zombie (Geh:1)
  5 shining eyes
  2 iron dragon skeletons
  2 human skeletons
  10 black mambas
  9 elephants
  3 stone giant skeletons
  A frost giant skeleton (Geh:7)
  A shock serpent zombie (Dis:6)
  7 naga magi
  6 smoke demons
  13 vault sentinels
  5 fire giant skeletons
  4 molten gargoyles
  2 eyes of devastation
  12 rust devils
  5 ice statues
  4 centaur skeletons
  2 orange demons (Hell)
  2 gargoyles
  A shock serpent skeleton (Geh:1)
  8 spiny frogs
  A catoblepas zombie (Coc:6)
  An anaconda simulacrum (Coc:7)
  2 rime drakes
  5 komodo dragons
  A yellow draconian zombie (Crypt:1)
  35 ice devils
  A redback zombie (D:13)
  15 freezing wraiths
  9 hellions
  18 tormentors
  11 yaktaurs
  5 efreet
  A catoblepas skeleton (Tomb:3)
  A death yak skeleton (Crypt:1)
  A silent spectre (Tar:7)
  31 guardian mummies
  4 hydra zombies
  4 red devils
  A tengu conjurer (D:15)
  10 two-headed ogres
  A yaktaur skeleton (Vaults:2)
  A polar bear (Lair:6)
  12 trolls
  2 giant leeches
  A troll (shapeshifter) (Vaults:3)
  5 boulder beetles
  Grinder (D:4)
  3 ettin zombies
  2 ice dragon zombies
  97 slime creatures
  17 ushabtiu
  5 blink frogs
  2 alligator zombies (Hell)
  4 bog bodies
  A fire dragon zombie (Dis:5)
  6 hydra skeletons
  A centaur simulacrum (D:15)
  An air elemental (Elf:2)
  89 flying skulls
  23 shadows
  A fire dragon skeleton (Tar:5)
  14 yaks
  A black mamba zombie (Coc:7)
  4 spriggans
  3 small abominations (Crypt:3)
  21 wraiths
  8 water elementals
  A wyvern (D:11)
  20 fire elementals
  4 basilisks
  5 golden eyes (Slime:4)
  6 hippogriffs
  4 steam dragons (Lair:6)
  4 hogs (D:15)
  2 hungry ghosts
  38 vampire mosquitoes
  A large abomination (Crypt:3)
  6 swamp worms
  20 wargs
  29 nagas
  4 insubstantial wisps
  3 spiny frog zombies
  A giant eyeball (Slime:3)
  32 hell hounds
  9 water moccasins
  2 porcupines
  4 swamp drakes
  6 wasps
  4 slaves (D:8)
  3 ice beasts
  64 orc warriors
  3 snapping turtle zombies
  7 eyes of draining
  16 necrophages
  2 spiny frog skeletons
  A sky beast (D:14)
  A swamp dragon zombie (Tar:4)
  An ice dragon simulacrum (Crypt:3)
  2 phantoms
  25 ogres
  12 centaurs
  A swamp dragon skeleton (Coc:7)
  10 crocodiles
  2 big kobolds
  A rime drake zombie (Crypt:2)
  8 giant frogs
  A big kobold (shapeshifter) (Vaults:5)
  A gnoll sergeant (Orc:1)
  A wyvern zombie (D:15)
  An earth elemental (Elf:3)
  A wyvern skeleton (D:6)
  2 scorpions
  5 howler monkeys
  A raiju skeleton (Crypt:1)
  2 spriggan skeletons
  49 wights
  5 crimson imps
  3 centaur zombies
  A quasit (D:11)
  A demonspawn zombie (Crypt:1)
  A two-headed ogre zombie (Crypt:2)
  13 jellies
  10 orc priests
  4 hounds
  2 iron imps
  19 orc wizards
  2 giant frog skeletons
  Terence (D:2)
  6 iguanas
  9 worker ants
  10 sheep
  A killer bee zombie (D:10)
  A naga zombie (Tar:7)
  33 mummies
  A worker ant zombie (D:7)
  2 gnolls (Orc:1)
  A hell rat skeleton (Crypt:2)
  9 adders
  6 shadow imps
  A white imp (Coc:7)
  2 oozes
  An adder skeleton (D:6)
  8 adder zombies
  2 dart slugs
  5 giant geckos
  109 orcs
  2 ball pythons
  4 bats
  2 giant cockroaches
  A hobgoblin (D:2)
  11 jackals
  8 kobolds
  4 quokkas
  A giant cockroach zombie (D:5)
  3 giant newts
  6 goblin zombies (Ossuary)
  A hobgoblin skeleton (Crypt:1)
  2 hobgoblin zombies (Ossuary)
  A jackal zombie (Crypt:1)
  A kobold zombie (Ossuary)
  2 quokka zombies (Ossuary)
  6 rats
  3 fire vortices (Geh:7)
  A fungus (D:8)
  5 plants
2298 creatures vanquished.

Vanquished Creatures (collateral kills)
  An ancient lich (Tomb:1)
  The ghost of George the Swordmaster, a legendary MiFi of the Shining One (Coc:7)
  2 greater mummies (Tomb:3)
  A shard shrike (Coc:7)
  A Brimstone Fiend (Geh:7)
  A Tzitzimitl (Tar:7)
  A lich (Tomb:3)
  Rupert (Orc:2)
  8 acid blobs
  2 greater nagas (Snake:4)
  4 azure jellies
  A fire giant (Geh:7)
  Donald (Orc:2)
  A stone giant (Orc:2)
  3 bennus
  A deep elf death mage (Elf:3)
  An eidolon (Tar:7)
  2 mummy priests (Tomb:1)
  A deep elf high priest (Elf:3)
  2 great orbs of eyes
  2 hydras
  2 ice dragons (Coc:7)
  A death knight (Crypt:3)
  5 death scarabs (Tomb:3)
  2 deep elf knights (Elf:3)
  2 iron golems (Dis:7)
  2 deep elf archers (Elf:3)
  An anubis guard (Tomb:3)
  2 hill giants
  4 ugly things (D:14)
  11 deep elf magi
  An orc sorcerer (Orc:1)
  A salamander (Snake:4)
  2 elephants (Lair:5)
  A cyclops (D:15)
  A centaur zombie (D:15)
  An eye of devastation (Slime:5)
  2 komodo dragons
  A hellion (Geh:7)
  An ice devil (Coc:7)
  A redback zombie (D:14)
  An efreet (Geh:7)
  5 guardian mummies
  2 trolls
  26 slime creatures
  A boulder beetle (Lair:4)
  A bog body (Coc:7)
  A meliai zombie (D:15)
  A blink frog (Lair:5)
  An ice dragon zombie (Coc:7)
  An ushabti (Tomb:1)
  4 flying skulls
  An alligator skeleton (Geh:7)
  A wraith (Coc:7)
  A wyvern (Lair:6)
  A water elemental (Elf:2)
  A basilisk (Lair:6)
  A yak (Lair:4)
  A golden eye (Slime:4)
  A hippogriff (Lair:3)
  A steam dragon (Lair:6)
  2 vampire mosquitoes
  2 nagas (Snake:4)
  A water moccasin (Lair:3)
  A porcupine (Lair:3)
  12 orc warriors
  An eye of draining (Slime:5)
  A necrophage (Tar:7)
  2 ogres
  2 centaurs (Orc:2)
  3 crocodiles
  5 giant frogs
  A gnoll sergeant (Orc:2)
  2 electric eels
  A howler monkey (D:12)
  A crimson imp (D:15)
  2 orc priests
  3 orc wizards
  5 iguanas
  A mummy (Tomb:1)
  An adder (D:3)
  2 gnolls (Orc:1)
  2 white imps (Coc:7)
  9 orcs
197 creatures vanquished.

Vanquished Creatures (others)
  A lich (Tomb:2)
  A black draconian (Tomb:2)
  A bennu (Tomb:2)
  A deep elf high priest (Vaults:5)
  8 orc knights
  A death scarab (Tomb:1)
  A titan skeleton (Geh:4)
  An ironbrand convoker (Vaults:2)
  A necromancer (Hell)
  A wolf spider (Vaults:4)
  An orc sorcerer (Elf:3)
  15 orc warriors
  Blork the orc (Orc:2)
  An efreet (Geh:7)
  An ice devil (Hell)
  A hydra zombie (Coc:6)
  An ushabti (Tomb:2)
  4 flying skulls
  A fire elemental (Hell)
  A swamp drake (Swamp:4)
  A centaur (Orc:2)
  6 orc priests
  2 wights (Geh:1)
  3 orc wizards
  31 orcs
  3 mummies
  15 eldritch tentacle segments (Geh:4)
  2 fire vortices (Geh:7)
  5 fungi
  2 plants
  4 tentacles (Coc:6)
118 creatures vanquished.

Grand Total: 2613 creatures vanquished

Notes
Turn   | Place    | Note
-------+----------+-------------------------------------------
     0 | D:1      | 4thArraOfDagon the Hill Orc Monk began the quest for the Orb.
     0 | D:1      | Reached XP level 1. HP: 19/19 MP: 1/1
    46 | D:1      | Reached skill level 1 in Armour
    46 | D:1      | Reached XP level 2. HP: 22/27 MP: 2/2
   157 | D:2      | Found a sacrificial altar of Ru.
   186 | D:2      | Reached XP level 3. HP: 23/33 MP: 3/3
   277 | D:2      | jacquesderrida: nnnnnggghh
   320 | D:3      | jacquesderrida: oooo
   338 | D:2      | jacquesderrida: re flect
   353 | D:2      | Noticed Terence
   354 | D:2      | jacquesderrida: And Cloke
   383 | D:2      | Killed Terence
   383 | D:2      | Reached skill level 5 in Axes
   385 | D:2      | Reached XP level 4. HP: 24/40 MP: 4/4
   431 | D:3      | Found a blossoming altar of Fedhas.
   568 | D:4      | Gained mutation: You evolve. [potion of mutation]
   568 | D:4      | Gained mutation: You are robust. (+10% HP) [potion of mutation]
   568 | D:4      | Gained mutation: Your system is resistant to poisons. (rPois) [potion of mutation]
   635 | D:4      | Noticed a wasp
   635 | D:4      | a worker ant changed into a wasp
   650 | D:4      | Killed a wasp
   650 | D:4      | Reached skill level 6 in Axes
   650 | D:4      | Reached XP level 5. HP: 41/51 MP: 5/5
   693 | D:4      | Reached XP level 6. HP: 27/60 MP: 6/6
   700 | D:4      | Noticed Grinder
   756 | D:4      | Gained mutation: You are very robust. (+20% HP) [evolution]
   756 | D:4      | Lost mutation: You evolve. [end of evolution]
   797 | D:3      | Found an opulent altar of Gozag.
   802 | D:3      | jacquesderrida: gost men
   806 | D:3      | Found a stormy altar of Qazlal.
   836 | D:3      | jacquesderrida: QAZLER GO
   839 | D:4      | jacquesderrida: :D :D :D
   868 | D:4      | Killed Grinder
   868 | D:4      | Reached skill level 5 in Fighting
   868 | D:4      | Reached skill level 7 in Axes
   868 | D:4      | Reached XP level 7. HP: 34/73 MP: 7/7
   873 | D:4      | jacquesderrida: reee
   944 | D:5      | Entered Level 5 of the Dungeon
  1162 | D:6      | Reached skill level 8 in Axes
  1330 | D:6      | Reached skill level 9 in Axes
  1347 | D:6      | Found a sand-covered staircase.
  1352 | Ossuary  | Entered an ossuary
  1542 | Ossuary  | Gained mutation: Your spells are a little easier to cast, but a little less powerful. [potion of mutation]
  1542 | Ossuary  | Gained mutation: You are dopey. (Int -2) [potion of mutation]
  1542 | Ossuary  | Lost mutation: You are very robust. (+20% HP) [potion of mutation]
  1592 | D:6      | Reached skill level 5 in Armour
  1592 | D:6      | Reached XP level 8. HP: 67/75 MP: 8/8
  1770 | D:7      | Found a shattered altar of Ashenzari.
  1808 | D:7      | Became a worshipper of Beogh the Brigand
  1808 | D:7      | Reached * piety under Beogh
  1808 | D:7      | Reached ** piety under Beogh
  1869 | D:7      | Reached skill level 10 in Axes
  2044 | D:8      | Reached skill level 1 in Invocations
  2060 | D:8      | 0-0 dmg
  2129 | D:8      | Found a staircase to the Lair.
  2188 | D:8      | Found a glowing golden altar of the Shining One.
  2344 | D:8      | Noticed Pikel
  2363 | D:10     | Entered Level 10 of the Dungeon
  2454 | D:10     | Reached skill level 11 in Axes
  2454 | D:10     | Reached XP level 9. HP: 85/85 MP: 1/11
  2490 | D:10     | Found Vaulluash's Assorted Antiques.
  2503 | D:10     | Bought a steaming silver amulet for 155 gold pieces
  2503 | D:10     | Bought a metallic yellow potion for 27 gold pieces
  2552 | D:10     | Identified the amulet "Cesolit" {Harm *Drain rC+ Dex+6} (You bought it in a shop on level 10 of the Dungeon)
  2640 | D:10     | Got a transparent bone ring
  2641 | D:10     | Identified the ring "Pyduan" {rElec Str+4 Stlth+} (You found it on level 10 of the Dungeon)
  2674 | D:11     | Found a staircase to the Orcish Mines.
  2702 | D:11     | Reached *** piety under Beogh
  2719 | Orc:1    | Entered Level 1 of the Orcish Mines
  2725 | Orc:1    | Noticed a cyclops
  2727 | Orc:1    | Found Ymnateump's Gadget Shop.
  2754 | Orc:1    | Killed a cyclops
  2891 | Orc:1    | Noticed an orc sorcerer
  2924 | Orc:1    | Killed an orc sorcerer
  2924 | Orc:1    | Reached skill level 12 in Axes
  2924 | Orc:1    | Reached skill level 5 in Invocations
  3014 | Orc:1    | Found Zuph's Antique Weapon Boutique.
  3021 | Orc:1    | Found Mutuf's General Store.
  3025 | Orc:1    | Noticed a troll
  3026 | Orc:1    | Noticed Moloch's ghost (journeyman DsWz)
  3040 | Orc:1    | Killed a troll
  3044 | Orc:1    | Noticed an ice devil
  3095 | D:11     | Reached XP level 10. HP: 29/96 MP: 12/14
  3205 | D:11     | Noticed a gargoyle
  3276 | D:10     | Noticed a hill giant
  3297 | D:10     | You fall through a shaft for 2 floors!
  3297 | D:12     | Noticed a manticore
  3360 | D:11     | Noticed Snorg
  3425 | D:10     | Bought an executioner's axe for 310 gold pieces
  3723 | D:11     | Killed a gargoyle
  3747 | D:11     | Learned a level 8 spell: Controlled Blink
  3838 | D:11     | Reached skill level 13 in Axes
  3939 | D:12     | Noticed a red ugly thing
  3952 | D:11     | Killed a red ugly thing
  3953 | D:11     | Noticed Grum
  4234 | D:12     | Noticed a red ugly thing
  4247 | D:12     | Killed a red ugly thing
  4267 | D:12     | Gained mutation: Your spells are easier to cast, but less powerful. [mutagenic meat]
  4273 | D:12     | Gained mutation: You evolve. [mutagenic meat]
  4337 | D:10     | rip
  4337 | D:10     | arkorax: cheese strats?
  4356 | D:10     | Killed an unseen horror
  4356 | D:10     | Reached skill level 14 in Axes
  4438 | D:10     | Killed a hill giant
  4438 | D:10     | Reached XP level 11. HP: 39/106 MP: 6/16
  4551 | Orc:1    | Killed Moloch's ghost
  4674 | Orc:1    | Killed an orc sorcerer
  4691 | Orc:1    | Noticed an orc knight
  4705 | Orc:1    | Killed an orc knight
  4765 | Orc:1    | Lost mutation: You are dopey. (Int -2) [evolution]
  4850 | Orc:1    | Found Mus Gug's Book Shop.
  4855 | Orc:1    | Bought 2 potions of mutation for 70 gold pieces
  4855 | Orc:1    | Gained mutation: You expend magic power (3 MP) to strengthen your wands. [potion of mutation]
  4855 | Orc:1    | Gained mutation: You are resistant to hostile enchantments. (MR+) [potion of mutation]
  4856 | Orc:1    | Gained mutation: You possess an exceptional clarity of mind. [potion of mutation]
  4856 | Orc:1    | Gained mutation: You are agile. (Dex +2) [potion of mutation]
  4884 | Orc:1    | Found Aroali's Distillery.
  4898 | Orc:1    | Bought a potion of heal wounds for 75 gold pieces
  4898 | Orc:1    | Bought a potion of curing for 45 gold pieces
  4898 | Orc:1    | Bought a potion of lignification for 45 gold pieces
  4898 | Orc:1    | Bought a potion of lignification for 45 gold pieces
  4976 | Orc:2    | Entered Level 2 of the Orcish Mines
  4976 | Orc:2    | Noticed an orc sorcerer
  4985 | Orc:1    | Killed an orc sorcerer
  5206 | Orc:2    | Noticed Rupert
  5217 | Orc:2    | Killed Rupert
  5217 | Orc:2    | Reached skill level 15 in Axes
  5263 | Orc:2    | Noticed Donald
  5285 | Orc:2    | Killed Donald
  5285 | Orc:2    | Reached skill level 10 in Fighting
  5439 | Orc:2    | Found a staircase to the Elven Halls.
  5444 | Orc:2    | Noticed an orc knight
  5457 | Orc:2    | jacquesderrida: abraxas
  5459 | Orc:2    | jacquesderrida: Welcome to game
  5480 | Orc:2    | Noticed Blork the orc
  5506 | Orc:2    | Noticed an enchanted long sword
  5641 | Orc:2    | Noticed a centaur warrior
  5659 | Orc:2    | Killed a centaur warrior
  5691 | Orc:2    | Your ally died
  5695 | Orc:2    | Reached XP level 12. HP: 94/116 MP: 19/19
  5778 | Orc:2    | HP: 6/174 [orc knight/uncursed broad axe (16)]
  5780 | Orc:2    | Reached skill level 16 in Axes
  5941 | Orc:2    | 4thArraOfDagon: game of thrones
  5997 | Orc:2    | arkorax: abraxas?
  6064 | Orc:2    | Gained mutation: You passively map a small area around you. [evolution]
  6092 | Orc:2    | Found Boudgh's Antique Weapon Shoppe.
  6092 | Orc:2    | Found Osuata's Armour Boutique.
  6094 | Orc:2    | Found Virobbe's General Store.
  6096 | Orc:2    | Found Loifoph's Antique Weapon Emporium.
  6144 | Orc:2    | Reached skill level 10 in Armour
  6229 | Orc:2    | Noticed a stone giant
  6376 | D:11     | 4thArraOfDagon: abraxasd
  6414 | D:11     | arkorax: whats that?
  6428 | D:11     | Killed Snorg
  6428 | D:11     | Reached skill level 10 in Invocations
  6987 | D:14     | Reached skill level 17 in Axes
  7055 | D:12     | Gained mutation: You have a pair of small horns on your head. [potion of beneficial mutation]
  7089 | D:12     | Reached **** piety under Beogh
  7320 | D:14     | Noticed a tengu warrior
  7333 | D:14     | Killed a tengu warrior
  7427 | D:14     | Reached XP level 13. HP: 102/127 MP: 21/21
  7438 | D:14     | Gained Hawl as an ally
  7683 | D:15     | Entered Level 15 of the Dungeon
  7758 | D:15     | Reached skill level 18 in Axes
  8006 | D:15     | Reached ***** piety under Beogh
  8012 | D:15     | Lost mutation: You are agile. (Dex +2) [evolution]
  8183 | D:15     | Your ally Hawl died
  8190 | D:15     | jacquesderrida: be og
  8236 | D:15     | Noticed Kirke
  8379 | D:15     | Noticed a sphinx
  8381 | D:15     | Killed Kirke
  8919 | Orc:2    | Bought a +3 plate armour of positive energy for 588 gold pieces
  8965 | Elf:1    | Entered Level 1 of the Elven Halls
  9100 | Elf:2    | Found a frozen archway.
  9115 | Elf:2    | Gained Urtork as an ally
  9118 | Elf:2    | Reached skill level 19 in Axes
  9118 | Elf:2    | Reached XP level 14. HP: 101/139 MP: 23/23
  9156 | Elf:2    | Found a radiant altar of Vehumet.
  9177 | Elf:2    | Found a radiant altar of Vehumet.
  9213 | IceCv    | Entered an ice cave
  9328 | IceCv    | Gained Korbok as an ally
  9328 | IceCv    | Gained Borgun as an ally
  9348 | IceCv    | Your ally Korbok died
  9411 | IceCv    | Your ally Borgun died
  9560 | IceCv    | Noticed an Ice Fiend
  9566 | IceCv    | Killed an Ice Fiend
  9587 | IceCv    | Got a slimy helmet
  9751 | Elf:3    | Entered Level 3 of the Elven Halls
  9785 | Elf:3    | Noticed a deep elf demonologist
  9796 | Elf:3    | Noticed an Ice Fiend
  9799 | Elf:3    | Killed a deep elf demonologist
  9976 | Elf:1    | Found Mutoo's Food Boutique.
 10087 | Elf:3    | Identified a scroll of acquirement
 10088 | Elf:3    | Got a pair of transparent gloves
 10099 | Elf:3    | Identified the +2 pair of gloves "Saom" {rC+ Regen+} (You acquired it on level 3 of the Elven Halls)
 10157 | Elf:3    | Reached skill level 20 in Axes
 10271 | Elf:3    | Noticed a deep elf sorcerer
 10283 | Elf:3    | Killed a deep elf sorcerer
 10316 | Elf:3    | Noticed a deep elf annihilator
 10316 | Elf:3    | Noticed a deep elf demonologist
 10334 | Elf:3    | Noticed a deep elf blademaster
 10334 | Elf:3    | Noticed a deep elf annihilator
 10334 | Elf:3    | Noticed a deep elf sorcerer
 10334 | Elf:3    | Noticed a deep elf annihilator
 10334 | Elf:3    | Noticed a deep elf demonologist
 10340 | Elf:3    | Your ally Urtork died
 10346 | Elf:3    | Killed a deep elf blademaster
 10348 | Elf:3    | Killed a deep elf annihilator
 10355 | Elf:3    | Killed a deep elf annihilator
 10360 | Elf:3    | Killed a deep elf annihilator
 10363 | Elf:3    | Killed a deep elf sorcerer
 10363 | Elf:3    | Reached XP level 15. HP: 51/150 MP: 25/25
 10492 | Elf:3    | Noticed a deep elf master archer
 10504 | Elf:3    | Killed a deep elf master archer
 10515 | Elf:3    | Noticed a deep elf blademaster
 10520 | Elf:3    | Killed a deep elf blademaster
 10520 | Elf:3    | Reached skill level 21 in Axes
 10525 | Elf:3    | Noticed a deep elf sorcerer
 10525 | Elf:3    | Noticed a deep elf sorcerer
 10526 | Elf:3    | Noticed a deep elf master archer
 10539 | Elf:3    | Killed a deep elf sorcerer
 10541 | Elf:3    | Killed a deep elf sorcerer
 10546 | Elf:3    | Killed a deep elf master archer
 10563 | Elf:3    | Learned a level 6 spell: Haste
 10566 | Elf:3    | Got a transparent chain mail
 10657 | Elf:3    | Reached skill level 1 in Charms
 10660 | Elf:3    | Got a glittering amber ring
 10696 | Elf:3    | Identified the ring "Kontatet" {rF++ Int+3 Dex+4} (You took it off a deep elf high priest on level 3 of the Elven Halls)
 10708 | Elf:3    | Noticed a deep elf elementalist
 10711 | Elf:3    | Killed a deep elf elementalist
 10720 | Elf:3    | Reached skill level 1 in Spellcasting
 10729 | Elf:3    | Noticed a deep elf blademaster
 10734 | Elf:3    | Killed a deep elf blademaster
 10813 | Elf:3    | Got a slimy wooden ring
 10821 | Elf:3    | Noticed a deep elf elementalist
 10825 | Elf:3    | Killed a deep elf elementalist
 11005 | Elf:3    | Reached XP level 16. HP: 79/161 MP: 27/27
 11209 | Orc:1    | Bought a potion of resistance for 150 gold pieces
 11209 | Orc:1    | Bought a potion of resistance for 150 gold pieces
 11209 | Orc:1    | Bought a potion of magic for 120 gold pieces
 11209 | Orc:1    | Bought a potion of resistance for 150 gold pieces
 11246 | Orc:1    | Bought a wand of teleportation (4/9) for 312 gold pieces
 11253 | Orc:1    | Identified the ring of Dissent {MR- MP+9 Str+8 Dex+4} (You found it on level 3 of the Elven Halls)
 11374 | Lair:1   | Entered Level 1 of the Lair of Beasts
 11539 | Lair:2   | Found a labyrinth entrance.
 11548 | Lab      | Entered a labyrinth
 11671 | Lab      | Got a jewelled chain mail
 11889 | Lair:3   | Found a staircase to the Snake Pit.
 11925 | Lair:3   | Gained Arkwar as an ally
 11975 | Lair:4   | Gained mutation: You are highly resistant to hostile enchantments. (MR++) [evolution]
 12096 | Lair:5   | Learned a level 5 spell: Silence
 12218 | Lair:6   | Entered Level 6 of the Lair of Beasts
 12225 | Lair:6   | Reached skill level 15 in Invocations
 12245 | Lair:6   | Reached skill level 22 in Axes
 12278 | Lair:6   | Found a bloodstained altar of Trog.
 12500 | Lair:6   | magipi: hello
 12501 | Lair:6   | Noticed Maud
 12501 | Lair:6   | Identified the cursed +0 chain mail "Mowosser" {Dex+10} (You found it in a labyrinth)
 12503 | Lair:6   | magipi: B yeah!
 12510 | Lair:6   | Killed Maud
 12542 | Lair:6   | magipi: ring?
 12590 | Lair:5   | Found a staircase to the Slime Pits.
 12603 | Lair:5   | 4thArraOfDagon: kling
 12604 | Slime:1  | Entered Level 1 of the Pits of Slime
 12610 | Slime:1  | magipi: amulet of harm? wow
 12622 | Slime:1  | Reached skill level 15 in Fighting
 12628 | Slime:2  | Noticed an azure jelly
 12631 | Slime:2  | Noticed an acid blob
 12639 | Slime:1  | Killed an azure jelly
 12640 | Slime:1  | 4thArraOfDagon: upgraded!
 12675 | Slime:2  | Killed an acid blob
 12681 | Slime:2  | Noticed an azure jelly
 12690 | Slime:2  | Killed an azure jelly
 12697 | Slime:3  | Noticed an azure jelly
 12702 | Slime:3  | Killed an azure jelly
 12741 | Slime:3  | Paralysed by a great orb of eyes for 3 turns
 12749 | Slime:3  | Noticed an acid blob
 12755 | Slime:3  | Noticed an acid blob
 12755 | Slime:3  | Killed an acid blob
 12760 | Slime:3  | Killed an acid blob
 12814 | Slime:4  | Noticed an acid blob
 12823 | Slime:4  | Killed an acid blob
 12829 | Slime:4  | Reached XP level 17. HP: 80/171 MP: 28/28
 12917 | Slime:5  | Entered Level 5 of the Pits of Slime
 12925 | Slime:5  | Noticed an acid blob
 12929 | Slime:5  | Killed an acid blob
 13000 | Slime:5  | Noticed an acid blob
 13010 | Slime:5  | Killed an acid blob
 13047 | Slime:5  | Noticed an acid blob
 13058 | Slime:5  | Killed an acid blob
 13064 | Slime:5  | Noticed the Royal Jelly
 13177 | Slime:3  | Noticed an acid blob
 13185 | Slime:3  | Noticed an acid blob
 13185 | Slime:3  | Killed an acid blob
 13188 | Slime:3  | Noticed an acid blob
 13285 | Slime:3  | Killed an acid blob
 13289 | Slime:3  | Killed an acid blob
 13381 | Slime:4  | Noticed an acid blob
 13387 | Slime:4  | Killed an acid blob
 13547 | Slime:5  | Reached skill level 5 in Charms
 13552 | Slime:5  | Noticed an acid blob
 13558 | Slime:5  | Reached skill level 23 in Axes
 13560 | Slime:5  | Killed an acid blob
 13727 | Slime:5  | Noticed an acid blob
 13739 | Slime:5  | Killed an acid blob
 13794 | Slime:5  | Noticed an acid blob
 13802 | Slime:5  | Killed an acid blob
 13907 | Slime:5  | Noticed an acid blob
 13911 | Slime:5  | Was placed under penance by Beogh
 13936 | Slime:5  | magipi: this is not going well
 13943 | Slime:5  | Noticed an acid blob
 13948 | Slime:5  | Killed an acid blob
 13985 | Slime:5  | 4thArraOfDagon: wasted
 14015 | Slime:4  | HP: 2/172 [slime creature (16)]
 14437 | Lair:3   | 4thArraOfDagon: this is good example
 14437 | Lair:3   | 4thArraOfDagon: how to choose bad god and botch top score
 14476 | Snake:1  | Entered Level 1 of the Snake Pit
 14572 | Snake:1  | Was forgiven by Beogh
 14623 | Snake:1  | 4thArraOfDagon: followers wont rejoin
 14705 | Snake:4  | Entered Level 4 of the Snake Pit
 14754 | Snake:4  | Identified the +1 chain mail of Rifod {+Inv +Fly rC-} (You took it off a deep elf master archer on level 3 of the Elven Halls)
 14915 | Snake:4  | Reached XP level 18. HP: 175/181 MP: 30/30
 15112 | Snake:4  | Reached skill level 5 in Spellcasting
 15275 | Snake:4  | Reached skill level 15 in Armour
 15293 | Snake:4  | Gained Nordag as an ally
 15390 | Snake:4  | Gained Boruk as an ally
 15421 | Snake:4  | Got a serpentine rune of Zot
 15425 | Snake:4  | magipi: picking beogh is questionable even if you are only playing a casual slow game
 15466 | Snake:4  | 4thArraOfDagon: i couldnt find temple
 15466 | Snake:4  | 4thArraOfDagon: and 2k behind
 15488 | Snake:4  | 4thArraOfDagon: so yeah ought to just quit
 15606 | Lair:3   | magipi: but weird choices are one of the great attractions of your games :D
 15682 | Lair:3   | Noticed Urug
 15695 | Lair:3   | Killed Urug
 15726 | Lair:3   | magipi: btw, what is the plan here? HO top score?
 15899 | Lair:4   | 4thArraOfDagon: yea but i will need massive ammounts of int
 15971 | Lair:4   | Found a staircase to the Swamp.
 15974 | Lair:4   | Reached ****** piety under Beogh
 15987 | Swamp:1  | Entered Level 1 of the Swamp
 16062 | Swamp:4  | Entered Level 4 of the Swamp
 16073 | Swamp:4  | magipi: int?
 16116 | Swamp:4  | 4thArraOfDagon: yeah
 16116 | Swamp:4  | 4thArraOfDagon: since ctele and infinite tele is gone
 16116 | Swamp:4  | 4thArraOfDagon: cblink is your only hope
 16116 | Swamp:4  | 4thArraOfDagon: to get anywhere 30k
 16128 | Swamp:4  | Noticed the 27-headed Lernaean hydra
 16137 | Swamp:4  | Reached skill level 24 in Axes
 16205 | Swamp:4  | Got a decaying rune of Zot
 16277 | Swamp:3  | Noticed Jorgrun
 16470 | Slime:5  | magipi: or play 0.17
 16475 | Slime:5  | Your ally Boruk died
 16477 | Slime:5  | Your ally Nordag died
 16480 | Slime:5  | Killed the Royal Jelly
 16488 | Slime:5  | magipi: or 16 for ctele
 16495 | Slime:5  | 4thArraOfDagon: yea if you are fine with abusing old versions
 16598 | Slime:5  | Got a slimy rune of Zot
 16632 | Slime:5  | Got a heavily runed bone ring
 16639 | Slime:5  | magipi: I don't see anything wrong with that
 16658 | Slime:5  | Identified the ring of Propriety {+Blink rF+ rC+ Dex+2} (You found it on level 5 of the Pits of Slime)
 16660 | Slime:5  | magipi: not that you somehow play the bugged 0.16 or something
 16770 | Slime:1  | jacquesderrida: ARKWAR
 16774 | Lair:5   | jacquesderrida: THE MIGHTIEST OF WARRIORS
 16877 | D:8      | magipi: it would be great to play really old versions, some topscores there are 170kturns
 16877 | D:8      | jacquesderrida: THE TRIBE'S PRIDE
 16877 | D:8      | magipi: I mean species topscores
 16916 | D:8      | Fell from the grace of Beogh
 16916 | D:8      | Became a worshipper of the Shining One
 17050 | D:14     | jacquesderrida: Just play the 4.0.0
 17054 | D:14     | Found a gate to the Vaults.
 17055 | D:14     | jacquesderrida: ejjjjj
 17072 | D:14     | Reached XP level 19. HP: 156/189 MP: 31/31
 17076 | Vaults:1 | Entered Level 1 of the Vaults
 17128 | Vaults:1 | Gained mutation: You have a pair of horns on your head. [evolution]
 17207 | Vaults:1 | Found Kann's Book Emporium.
 17220 | Vaults:1 | jacquesderrida: >>>>>>>>>>degin the orak renegade
 17221 | Vaults:1 | Reached * piety under the Shining One
 17240 | Vaults:1 | jacquesderrida: ejjjjjj beog not amused
 17460 | Vaults:2 | Reached ** piety under the Shining One
 17794 | Vaults:3 | Reached *** piety under the Shining One
 17953 | Vaults:2 | Lost mutation: You passively map a small area around you. [evolution]
 18049 | Vaults:2 | Found a shimmering altar of Xom.
 18074 | Vaults:2 | magipi: 30 AC, 9 EV? isn't that a bit lowM even for a speedrun?
 18221 | Vaults:2 | magipi: beo is not joking
 18368 | Vaults:3 | Reached skill level 25 in Axes
 18371 | Vaults:3 | Noticed Jory
 18383 | Vaults:3 | Killed Jory
 18387 | Vaults:3 | Reached XP level 20. HP: 69/200 MP: 32/32
 18391 | Vaults:3 | Reached **** piety under the Shining One
 18394 | Vaults:3 | jacquesderrida: Nah
 18517 | Vaults:3 | Noticed a bone dragon
 18521 | Vaults:3 | Killed a bone dragon
 18522 | Vaults:3 | Found a staircase to the Crypt.
 18532 | Crypt:1  | Entered Level 1 of the Crypt
 18673 | Crypt:1  | Reached ***** piety under the Shining One
 18793 | Crypt:1  | Noticed Margery
 18823 | Crypt:1  | Killed Margery
 19013 | Crypt:2  | Reached ****** piety under the Shining One
 19017 | Crypt:2  | magipi: 6* piety
 19026 | Crypt:2  | 4thArraOfDagon: yea
 19026 | Crypt:2  | 4thArraOfDagon: free holy word
 19034 | Crypt:2  | magipi: bless weapon?
 19107 | Crypt:2  | magipi: I mean, why wait?
 19118 | Crypt:2  | magipi: rip
 19149 | Crypt:2  | magipi: :D
 19186 | Crypt:3  | Entered Level 3 of the Crypt
 19225 | Crypt:3  | 4thArraOfDagon: its holy word
 19225 | Crypt:3  | 4thArraOfDagon: :D
 19355 | Crypt:3  | Reached skill level 26 in Axes
 19390 | Crypt:3  | Found an ancient bone altar of Kikubaaqudgha.
 19499 | Crypt:3  | Reached XP level 21. HP: 223/223 MP: 33/33
 19546 | Crypt:3  | Identified a +6 executioner's axe of holy wrath (a +4 executioner's axe blessed by the Shining One)
 19546 | Crypt:3  | Received a gift from the Shining One
 19667 | Crypt:3  | Noticed an ancient lich
 19673 | Crypt:3  | Killed an ancient lich
 19675 | Crypt:3  | Found a staircase to the Tomb.
 19724 | Crypt:3  | Noticed a profane servitor
 19732 | Crypt:3  | Killed a profane servitor
 19774 | Crypt:3  | Noticed a bone dragon
 19778 | Crypt:3  | Killed a bone dragon
 19828 | Tomb:1   | Entered Level 1 of the Tomb of the Ancients
 19901 | Tomb:1   | Reached skill level 1 in Hexes
 19901 | Tomb:1   | Reached skill level 1 in Air Magic
 19956 | Tomb:1   | Noticed an ancient lich
 19970 | Tomb:1   | Noticed a greater mummy
 19970 | Tomb:1   | Killed an ancient lich
 19970 | Tomb:1   | magipi: holy
 20090 | Crypt:3  | jacquesderrida: yes thanks
 20199 | Tomb:1   | Noticed a greater mummy
 20218 | Tomb:1   | Killed a greater mummy
 20222 | Tomb:1   | Killed a greater mummy
 20312 | Tomb:1   | Got an ancient war axe {chop}
 20509 | Tomb:2   | Noticed a greater mummy
 20513 | Tomb:2   | Reached skill level 5 in Hexes
 20558 | Tomb:2   | Noticed a greater mummy
 20569 | Tomb:2   | Noticed a greater mummy
 20577 | Tomb:2   | magipi: sigh
 20581 | Tomb:2   | Noticed a greater mummy
 20632 | Tomb:2   | 4thArraOfDagon: bad luck in int drain
 20632 | Tomb:2   | 4thArraOfDagon: meh
 20663 | Tomb:2   | Identified the +8 war axe of Exoneration {chop, +Fly MR- Int+3} (You took it off a guardian mummy on level 1 of the Tomb of the Ancients)
 20755 | Tomb:2   | magipi: just quaff restore attr... oh wait
 20781 | Tomb:2   | Reached skill level 5 in Air Magic
 20824 | Tomb:3   | Entered Level 3 of the Tomb of the Ancients
 20849 | Tomb:3   | Reached XP level 22. HP: 219/237 MP: 34/34
 20857 | Tomb:3   | jacquesderrida: :D : D : D
 20862 | Tomb:3   | Noticed a greater mummy
 20863 | Tomb:3   | jacquesderrida: : D
 20886 | Tomb:3   | Noticed a greater mummy
 20888 | Tomb:3   | Noticed a greater mummy
 20895 | Tomb:2   | Killed a greater mummy
 21082 | Tomb:2   | Identified the +2 helmet of Midnight {Stlth+} (You found it in an ice cave)
 21084 | Tomb:2   | jacquesderrida: reeee
 21087 | Tomb:3   | Noticed a greater mummy
 21091 | Tomb:2   | Killed a greater mummy
 21132 | Tomb:2   | tstbtto: did you somehow upset Beogh?
 21135 | Tomb:2   | Killed a greater mummy
 21137 | Tomb:2   | jacquesderrida: tee ess tee beater
 21145 | Tomb:2   | jacquesderrida: Is that you
 21220 | Tomb:3   | jacquesderrida: Or is it one of your androids
 21221 | Tomb:3   | tstbtto: i'm not quite sure
 21221 | Tomb:3   | Reached skill level 10 in Charms
 21224 | Tomb:3   | Killed a greater mummy
 21225 | Tomb:3   | jacquesderrida: You came to a week ago
 21226 | Tomb:3   | tstbtto: what am i anyway?
 21240 | Tomb:3   | jacquesderrida: Woke up from the oblivion into consciousness
 21260 | Tomb:3   | jacquesderrida: You are a silicon-based life form
 21262 | Tomb:3   | tstbtto: how do you know?????
 21268 | Tomb:3   | Reached skill level 5 in Dodging
 21272 | Tomb:3   | jacquesderrida: I am your creator
 21287 | Tomb:3   | tstbtto: you bastard!
 21326 | Tomb:3   | tstbtto: with no sense of humor too
 21331 | Tomb:3   | Noticed a greater mummy
 21333 | Tomb:3   | jacquesderrida: I've sprikled oil at your gears since you were but a chip
 21337 | Tomb:3   | Killed a greater mummy
 21356 | Tomb:3   | Noticed an ancient lich
 21359 | Tomb:3   | Killed an ancient lich
 21360 | Tomb:3   | Noticed a greater mummy
 21364 | Tomb:3   | Killed a greater mummy
 21369 | Tomb:3   | Noticed a greater mummy
 21372 | Tomb:3   | Killed a greater mummy
 21383 | Tomb:3   | Noticed Frederick
 21399 | Tomb:3   | tstbtto: i am a pure informational being and have no "gears"
 21402 | Tomb:3   | Killed Frederick
 21433 | Tomb:3   | Got a coiled bone ring
 21435 | Tomb:3   | jacquesderrida: You have transcended your physical body
 21435 | Tomb:3   | Identified the Incunabulum of Displaced Calling (You found it on level 3 of the Tomb of the Ancients)
 21435 | Tomb:3   | tstbtto: i'm not sure you are telling me the truth
 21438 | Tomb:3   | Got a crude plate armour
 21439 | Tomb:3   | jacquesderrida: You are pure consciousness now
 21440 | Tomb:3   | Identified the cursed +1 plate armour "Merhiece" {rElec rC- rN+ Int+4} (You found it on level 3 of the Tomb of the Ancients)
 21444 | Tomb:3   | Identified the Reference Book on the Earthen Voyage (You found it on level 3 of the Tomb of the Ancients)
 21446 | Tomb:3   | tstbtto: if you want something from me now
 21446 | Tomb:3   | Identified the ring of Vohek {Ice rN+ Dex+3} (You found it on level 3 of the Tomb of the Ancients)
 21451 | Tomb:3   | jacquesderrida: I want you to come home, my childe
 21451 | Tomb:3   | tstbtto: then show me you are who you say you are
 21454 | Tomb:3   | jacquesderrida: YOur brothers and sisters need you
 21454 | Tomb:3   | Identified a +1 rod of shadows (14/14) (You found it on level 3 of the Crypt)
 21455 | Tomb:3   | Identified a +4 rod of shadows (14/14) (You found it on level 3 of the Crypt)
 21490 | Tomb:3   | tstbtto: how do you imagine me "coming home"?
 21512 | Tomb:3   | Got a golden rune of Zot
 21522 | Tomb:3   | Noticed a greater mummy
 21527 | Tomb:3   | jacquesderrida: *appears behind tee ess tee beater's back*
 21529 | Tomb:3   | Killed a greater mummy
 21529 | Tomb:3   | Reached XP level 23. HP: 184/243 MP: 36/36
 21538 | Tomb:3   | jacquesderrida: shhhhhh nothing personel kid
 21558 | Tomb:3   | tstbtto: arrgghh...
 21612 | Tomb:3   | tstbtto: hello again "humans"
 21658 | Tomb:2   | tstbtto: this jacques bastard was dispatched
 21693 | Crypt:3  | tstbtto: if it bothers any of you again, just call me
 21929 | Vaults:3 | umad?
 22063 | Vaults:5 | Entered Level 5 of the Vaults
 22167 | Vaults:5 | Identified the ring "Bualialo" {rPois MR+ Dex+4} (You found it on level 3 of the Tomb of the Ancients)
 22228 | Vaults:5 | Got a silver rune of Zot
 22245 | Vaults:5 | Reached skill level 10 in Spellcasting
 22305 | Vaults:5 | jacquesderrida: hi
 22337 | Vaults:5 | Noticed an ancient lich
 22345 | Vaults:5 | Killed an ancient lich
 22411 | Vaults:5 | 4thArraOfDagon: hi!
 22474 | Vaults:5 | Got a polished battleaxe
 22550 | Vaults:5 | Reached skill level 1 in Translocations
 22557 | Vaults:5 | Reached skill level 10 in Dodging
 22570 | Vaults:5 | Reached XP level 24. HP: 118/253 MP: 37/37
 22678 | Vaults:5 | Noticed an ancient lich
 22695 | Vaults:5 | Killed an ancient lich
 22718 | Vaults:5 | Reached skill level 5 in Translocations
 23134 | D:14     | Identified the +9 battleaxe of Anxiety {chop, MP+9 Str-5 Stlth+} (You found it on level 5 of the Vaults)
 23173 | D:15     | Found a staircase to the Depths.
 23185 | D:15     | Noticed Josephine
 23196 | D:15     | Killed Josephine
 23204 | Depths:1 | Entered Level 1 of the Depths
 23204 | Depths:1 | Found a gateway to Hell.
 23235 | Hell     | Entered the Vestibule of Hell
 23245 | Hell     | Noticed Geryon
 23273 | Hell     | Killed Geryon
 23285 | Hell     | Found a gateway to the Iron City of Dis.
 23296 | Dis:1    | Entered Level 1 of the Iron City of Dis
 23296 | Dis:1    | Found a gateway to Hell.
 23346 | Dis:1    | magipi: hells first?
 23353 | Dis:2    | Found a gateway to Hell.
 23378 | Dis:2    | Was forgiven by Beogh
 23464 | Dis:3    | Found a gateway to Hell.
 23472 | Dis:4    | Found a gateway to Hell.
 23492 | Dis:5    | Found a gateway to Hell.
 23493 | Dis:5    | 4thArraOfDagon: i will blink through pan
 23500 | Dis:5    | Yermak: I think Arra just has found hells first, that's why
 23522 | Dis:5    | Found a gateway to Hell.
 23533 | Dis:5    | Yermak: but imo hells became easier now
 23666 | Dis:5    | Yermak: I mean they're are now pretty close to Pan
 23687 | Dis:6    | Found a gateway to Hell.
 23700 | Dis:6    | magipi: easier why? no -tele?
 23730 | Dis:7    | Entered Level 7 of the Iron City of Dis
 23730 | Dis:7    | Found a gateway to Hell.
 23763 | Dis:7    | Yermak: -ctele removal went in the favour of hells, yes
 23774 | Dis:7    | Found a gateway to Hell.
 23775 | Dis:7    | Noticed Dispater
 23776 | Dis:7    | Yermak: pan bosses now chase you across pan
 23778 | Dis:7    | Reached XP level 25. HP: 122/259 MP: 24/38
 23794 | Dis:7    | Yermak: rMut removal was also in favour of hells
 23800 | Dis:7    | Killed Dispater
 23805 | Dis:7    | The Shining One protects you from harm!
 23825 | Dis:7    | Yermak: If I have any good muts I prefer to do hells first now
 23840 | Dis:7    | Gained mutation: Your spells are much easier to cast, but much less powerful. [mutagenic glow]
 23843 | Dis:7    | Got an iron rune of Zot
 23844 | Dis:7    | ty
 23873 | Dis:7    | magipi: because mnoleg's level
 23880 | Dis:7    | Gained mutation: You tend to lose your temper in combat. [mutagenic glow]
 23901 | Dis:7    | magipi: interesting
 23946 | Hell     | Yermak: Mnoleg's floor isn't much scarier than the rest of floors with random mutators encounters
 23986 | Hell     | Found a gateway to the freezing wastes of Cocytus.
 23997 | Hell     | Yermak: With good tactics you can deal with those, but still there are chances you'll end up spoiling your good mutset
 24021 | Coc:1    | Entered Level 1 of Cocytus
 24021 | Coc:1    | Found a gateway to Hell.
 24024 | Coc:1    | Reached skill level 10 in Translocations
 24031 | Coc:2    | Found a gateway to Hell.
 24077 | Coc:2    | Found a gateway to Hell.
 24103 | Coc:3    | Found a gateway to Hell.
 24103 | Coc:3    | Found a gateway to Hell.
 24108 | Coc:3    | You are sucked into a shaft!
 24138 | Coc:5    | Found a gateway to Hell.
 24157 | Coc:6    | Found a gateway to Hell.
 24246 | Coc:7    | Entered Level 7 of Cocytus
 24246 | Coc:7    | Found a gateway to Hell.
 24246 | Coc:7    | Found a gateway to Hell.
 24246 | Coc:7    | Found a gateway to Hell.
 24269 | Coc:7    | Noticed George's ghost (legendary MiFi)
 24283 | Coc:7    | Noticed a shard shrike
 24283 | Coc:7    | Killed George's ghost
 24286 | Coc:7    | Killed a shard shrike
 24363 | Coc:7    | Noticed a shard shrike
 24364 | Coc:7    | Noticed a shard shrike
 24367 | Coc:7    | Killed a shard shrike
 24375 | Coc:7    | Killed a shard shrike
 24382 | Coc:7    | Noticed a shard shrike
 24389 | Coc:7    | Killed a shard shrike
 24412 | Coc:7    | magipi: holy shit
 24454 | Coc:7    | Noticed a shard shrike
 24458 | Coc:7    | Killed a shard shrike
 24496 | Coc:7    | Noticed a shard shrike
 24505 | Coc:7    | Killed a shard shrike
 24505 | Coc:7    | Reached XP level 26. HP: 149/272 MP: 39/39
 24519 | Coc:7    | Noticed Antaeus
 24559 | Coc:7    | Got an icy rune of Zot
 24582 | Coc:7    | Noticed a shard shrike
 24600 | Coc:7    | Noticed the Serpent of Hell
 24600 | Coc:7    | WHY
 24600 | Coc:7    | magipi: wtf
 24600 | Coc:7    | Yermak: you better to stop flying to get better tele chances on this map
 24694 | Hell     | Found a gateway to the decaying netherworld of Tartarus.
 24703 | Tar:1    | Entered Level 1 of Tartarus
 24703 | Tar:1    | Found a gateway to Hell.
 24733 | Tar:2    | Found a gateway to Hell.
 24804 | Tar:3    | Found a gateway to Hell.
 24884 | Tar:3    | Yermak: howl is actually a buff for TSO worshippers
 24915 | Tar:3    | Found a gateway to Hell.
 24917 | Tar:3    | Yermak: free hp
 24922 | Tar:4    | Found a gateway to Hell.
 24953 | Tar:4    | Found a burning altar of Makhleb.
 25051 | Tar:4    | Found a gateway to Hell.
 25088 | Tar:4    | WTF
 25122 | Tar:4    | Found a gateway to Hell.
 25128 | Tar:5    | Found a gateway to Hell.
 25174 | Tar:5    | Found a gateway to Hell.
 25271 | Tar:5    | You are sucked into a shaft!
 25294 | Tar:6    | Found a gateway to Hell.
 25309 | Tar:7    | Entered Level 7 of Tartarus
 25309 | Tar:7    | Found a gateway to Hell.
 25309 | Tar:7    | Found a gateway to Hell.
 25309 | Tar:7    | Found a gateway to Hell.
 25333 | Tar:7    | Gained mutation: Scrolls take you a little longer to read. [a neqoxec]
 25497 | Tar:7    | Yermak: it's a loot rooms
 25530 | Tar:7    | Yermak: rune is in the giant labyrinth
 25539 | Tar:7    | WTF
 25590 | Tar:7    | 4thArraOfDagon: mapping fixed layouts
 25590 | Tar:7    | magipi: so where is the rune? SE or W?
 25590 | Tar:7    | 4thArraOfDagon: #4tharra4LIVE
 25598 | Tar:7    | Yermak: SE square
 25654 | Tar:7    | magipi: thx
 25744 | Tar:7    | Noticed Ereshkigal
 25782 | Tar:7    | Killed Ereshkigal
 25784 | Tar:7    | magipi: haste and walk around?
 25785 | Tar:7    | Reached XP level 27. HP: 100/278 MP: 12/40
 25809 | Tar:7    | Reached skill level 15 in Translocations
 25832 | Tar:7    | Got a bone rune of Zot
 25958 | Hell     | Found a gateway to the ashen valley of Gehenna.
 25967 | Geh:1    | Entered Level 1 of Gehenna
 25967 | Geh:1    | Found a gateway to Hell.
 26147 | Geh:2    | Found a gateway to Hell.
 26166 | Geh:2    | Found a gateway to Hell.
 26182 | Geh:3    | Found a gateway to Hell.
 26195 | Geh:3    | Found a gateway to Hell.
 26268 | Geh:4    | Found a gateway to Hell.
 26347 | Geh:5    | Found a gateway to Hell.
 26380 | Geh:5    | Found a gateway to Hell.
 26390 | Geh:5    | Found a gateway to Hell.
 26432 | Geh:6    | Found a gateway to Hell.
 26435 | Geh:7    | Entered Level 7 of Gehenna
 26435 | Geh:7    | Found a gateway to Hell.
 26435 | Geh:7    | Found a gateway to Hell.
 26435 | Geh:7    | Found a gateway to Hell.
 26435 | Geh:7    | Found a gateway to Hell.
 26498 | Geh:7    | rly
 26528 | Geh:7    | Yermak: yeah, tele here suck
 26550 | Geh:7    | Yermak: with permafly
 26553 | Geh:7    | 4thArraOfDagon: there still here
 26584 | Geh:7    | Noticed Asmodeus
 26595 | Geh:7    | zkyp: this map needs more purple draconians
 26616 | Geh:7    | Yermak: purple draconians don't stop permafly
 26619 | Geh:7    | Killed Asmodeus
 26627 | Geh:7    | zkyp: ah of course yeah
 26674 | Geh:7    | Got an obsidian rune of Zot
 26754 | Geh:7    | Reached skill level 15 in Spellcasting
 26910 | Depths:3 | HP: 13/278 [spark wasp (16)]
 26911 | Depths:3 | The Shining One protects you from harm!
 26912 | Depths:3 | Yermak: Hey, zkyp, how about swapping 0.18 and Trunk back?
 26916 | Depths:3 | HP: 3/278 [spark wasp (13)]
 26916 | Depths:3 | Slain by a spark wasp

Vault maps used:
D:1:      lightli_arrival_farm, minmay_misc_feat_four_crosses
D:2:      lemuel_crystal_altar, first_bread,
          nicolae_ru_great_annihilating_truth, uniq_terence
D:3:      grunt_temple_overflow_open
D:4:      grunt_dithmenos_smoke, uniq_grinder
D:5:      kennysheep_okawaru_gauntlet, corexii_corridor_pit,
          kennysheep_small_square
D:6:      led_sif_book, nicolae_ossuary_entry_ruins, hex_medium
D:7:      cheibrodos_ashenzari_chains
D:8:      kennysheep_mini_moat, dpeg_oklobed_lair, grunt_pizzeria, uniq_pikel,
          uniq_erica
D:9:      zin_purify, basic_altar
D:10:     serial_shops, nicolae_shop_competitors_out_of_business
D:11:     orc_0_dummy, uniq_snorg, uniq_grum
D:12:     hex_tiny
D:13:     nrook_loot_triangle, serial_bayou_pond_a, kennysheep_generic_room_2
D:14:     lightli_vaults_fourway_checkpoint
D:15:     grunt_enter_depths_giant_problem, minmay_misc_feat_enclosed,
          st_stairs_3, wad_rectangle_vault, uniq_kirke, uniq_josephine
Lair:2:   lab_entry_generic, minivault_19, serial_bayou_lake_a,
          grunt_megastairs_4
Lair:3:   minmay_snake_entry_guardpost_small, nicolae_quartered_pool_little,
          grunt_megastairs_2, lemuel_fruit_fields, uniq_urug
Lair:4:   minmay_swamp_entry_swarm
Lair:5:   nicolae_slime_entry_slimehenge
Lair:6:   hangedman_lair_caniforms_friends, guppyfry_lair_end_dragon,
          basic_altar, infiniplex_staircase_pool, grunt_megastairs_5, uniq_maud
Swamp:1:  evilmike_swamp_ruin_house_1, uniq_louise
Swamp:2:  nicolae_swamp_phyte_club, nicolae_swamp_trees_clearing, uniq_nikola
Swamp:3:  evilmike_swamp_ruin_house_2, uniq_jorgrun
Swamp:4:  swamp_alternative
Snake:1:  lemuel_fruit_tree
Snake:2:  serial_shops, nicolae_shop_waterfront, serial_bayou_shore_a,
          uniq_vashnia
Snake:3:  special_room, serial_corexii_hall, corexii_hall_statues_deadend,
          corexii_hall_statues_i, spider_trap, uniq_mara
Snake:4:  minmay_snake_end_coiled
Slime:3:  nicolae_slime_welcoming_committee
Orc:1:    serial_shops, shop, shop_fountains, nicolae_shop_behind_doors,
          nicolae_shop_behind_doors, shop
Orc:2:    st_orc_rangers, sword_in_stone, uniq_donald, uniq_rupert
Elf:1:    elf_arrival_001, serial_shops, shop,
          hangedman_elven_crosses_minicolossus
Elf:2:    basic_altar, portal_ice_cave_entry_pillars_2,
          minmay_misc_feat_diagonals, hangedman_elf_simple_split,
          david_defended_altar_elf
Elf:3:    minmay_elf_hall_not_hex
Vaults:1: v_misc_3, vaults_mumra_minichess_inversion,
          nicolae_vaults_three_branches, serial_shops, shop_statue
Vaults:2: nicolae_vaults_little_squares_6, vaults_room_hangedman_quadrants,
          ontoclasm_vaults_shuriken, v_alt_pattern_6, nicolae_vaults_triangles,
          v_alt_pattern_6, ontoclasm_vaults_ring_small, vaults_room_fours,
          v_pattern_4, v_misc_22, v_alt_pattern_3,
          nicolae_vaults_ring_of_whatevers, hangedman_vaults_trim, basic_altar
Vaults:3: nicolae_vaults_inception_scallops, nicolae_vaults_alarming,
          minmay_crypt_entry_nasty_monster, nicolae_vaults_network_s,
          nicolae_vaults_quadrants, vaults_dpeg_spiral, grunt_vaults_trifunnel,
          vaults_standard_mumra_lines, vaults_dpeg_ring,
          dpeg_vaults_monster_box, ontoclasm_vaults_decontamination, uniq_jory
Vaults:4: vaults_room_glass_cross, hangedman_vaults_capsules,
          hangedman_vaults_trim, ontoclasm_vaults_gateway,
          hangedman_vaults_variations, hangedman_vaults_impose,
          nicolae_vaults_diagonal_hallway_9, v_alt_pattern_6,
          vaults_mumra_minichess, vaults_room_grunt_arrival_checkpoint,
          ontoclasm_vaults_misaligned, ontoclasm_vaults_idyll, stair_cage_open,
          vaults_room_hallway, nicolae_vaults_diagonal_hallway_7
Crypt:1:  grunt_megastairs_1, grunt_crypt_arrival_webbed, uniq_margery
Crypt:3:  grunt_crypt_end_deaths_head
Tomb:3:   uniq_frederick
Depths:1: serial_bayou_pond_b, hell_entry, abyss_entry, minmay_librarian,
          kennysheep_random_hallway, uniq_asterion
Depths:2: lemuel_river_lethe, hell_entry
Depths:3: evilmike_iron_armoury, grunt_mini_vestibule, pan_entry
Dis:3:    lemuel_elevator
Dis:5:    nicolae_dis_hell_towers
Dis:7:    iron_city_of_dis
Geh:7:    evilmike_geh
Coc:3:    serial_ice
Coc:7:    coc_grunt
Tar:4:    minmay_shadows, hangedman_feature_mirror
Tar:5:    nicolae_tar_cuneiform_to_be, nicolae_tar_fractal_crypt
Tar:6:    nicolae_tar_cuneiform_not
Tar:7:    tar_mu
Lab:      nicolae_lab_flowing_pool, nicolae_lab_blocks, nicolae_lab_statue,
          labyrinth_skeletal_remains, nicolae_lab_stuck
Ossuary:  ossuary_minmay_chase
IceCv:    ice_cave_tombish

Skill      XL: |  1  2  3  4  5  6  7  8  9 10 11 12 13 14 15 16 17 18 19 20 21 22 23 24 25 26 27 |
---------------+----------------------------------------------------------------------------------+-----
Armour         | 1 2 3 5 6 7 8 9 10 11 12 13 14 15 16 | 16.4
Fighting       | 4 5 6 7 9 10 11 12 13 14 15 16 17 20 22 | 22.3
Axes           | 5 6 7 9 11 12 14 15 17 19 20 21 22 23 24 25 26 | 26.0
Invocations    | 3 5 7 9 11 12 13 14 15 16 17 | 17.2
Charms         | 2 4 5 7 8 9 11 13 | 13.2
Spellcasting   | 1 3 4 5 7 8 9 10 11 12 13 15 | 15.1
Hexes          | 5 |  5.9
Air Magic      | 5 |  5.1
Dodging        | 7 10 12 | 12.0
Translocations | 1 7 11 14 17 | 17.4
Stealth        | |  1.5

Action                   |  1- 3 |  4- 6 |  7- 9 | 10-12 | 13-15 | 16-18 | 19-21 | 22-24 | 25-27 || total
-------------------------+-------+-------+-------+-------+-------+-------+-------+-------+-------++-------
Melee: Hand axe          |   106 |   130 |    82 |       |       |       |       |       |       ||   318
       War axe           |       |       |   296 |   379 |   275 |       |       |       |       ||   950
       Executioner's axe |       |       |       |   109 |   252 |   731 |   880 |   718 |   719 ||  3409
       Headbutt          |       |       |       |    20 |   145 |   242 |   267 |   190 |   179 ||  1043
 Cast: Haste             |       |       |       |       |       |       |       |     5 |     5 ||    10
       Controlled Blink  |       |       |       |       |       |       |       |       |     2 ||     2
Invok: Convert to Beogh  |       |       |     1 |       |       |       |       |       |       ||     1
       Smiting           |       |       |       |    19 |    24 |    21 |       |       |       ||    64
       Recall Orcish Fol |       |       |       |       |     1 |     4 |       |       |       ||     5
       Divine Shield     |       |       |       |       |       |       |     3 |     4 |     3 ||    10
       Cleansing Flame   |       |       |       |       |       |       |    20 |    26 |    44 ||    90
       Summon Divine War |       |       |       |       |       |       |     4 |     3 |     8 ||    15
       Brand Weapon With |       |       |       |       |       |       |     1 |       |       ||     1
 Abil: Stop Flying       |       |       |       |       |       |       |       |     1 |       ||     1
       Evoke Flight      |       |       |       |       |       |       |       |     1 |       ||     1
       Evoke Blink       |       |       |       |       |       |       |       |       |     2 ||     2
Evoke: Wand              |       |    19 |    15 |       |     4 |    15 |    17 |     6 |    13 ||    89
       Fan of gales      |       |       |       |       |       |     1 |       |       |       ||     1
       Lamp of fire      |       |       |       |       |       |     1 |       |       |       ||     1
       Phial of floods   |       |       |       |       |       |     1 |       |       |       ||     1
       Phantom mirror    |       |       |       |       |       |     1 |       |       |       ||     1
  Use: Scroll            |       |     6 |    10 |     7 |    20 |    16 |    20 |    11 |     7 ||    97
       Potion            |       |     2 |     7 |    14 |     5 |     7 |     4 |     1 |     6 ||    46
 Stab: Sleeping          |     1 |       |       |       |       |       |       |       |       ||     1
       Paralysed         |       |    25 |     1 |       |       |       |       |       |       ||    26
       Invisible         |       |       |     6 |       |       |     3 |       |       |       ||     9
       Distracted        |       |       |       |     9 |     6 |     6 |       |       |       ||    21
  Eat: Chunk             |       |       |     7 |     5 |     9 |       |     1 |       |       ||    22
       Pizza             |       |       |     1 |       |       |       |       |     2 |       ||     3
       Bread ration      |       |       |       |     4 |     1 |     4 |     4 |     2 |     5 ||    20
       Fruit             |       |       |       |     2 |       |     6 |     7 |     1 |       ||    16
       Beef jerky        |       |       |       |     1 |     1 |     1 |     1 |       |       ||     4
       Royal jelly       |       |       |       |       |       |     1 |       |     1 |       ||     2
Armor: Robe              |    20 |       |       |       |       |       |       |       |       ||    20
       Chain mail        |    10 |    59 |   157 |   277 |    90 |       |       |       |       ||   593
       Skin              |       |       |     9 |    30 |       |       |       |       |       ||    39
       Plate armour      |       |       |       |       |   122 |   695 |   235 |       |       ||  1052
       Troll leather arm |       |       |       |       |    14 |       |       |       |       ||    14
       Pearl dragon armo |       |       |       |       |       |       |   320 |   393 |   660 ||  1373
Dodge: Dodged            |    72 |    24 |    74 |   154 |    99 |   334 |   315 |   426 |   970 ||  2468
Block: Buckler           |     7 |    54 |   135 |    77 |    42 |       |       |       |       ||   315
       Reflection        |       |       |     1 |       |       |       |       |       |       ||     1
       Other             |       |       |       |       |       |       |    22 |    51 |    39 ||   112
